[ AOE2 MATCH · #467556009 ]
UnrankedSaracens vs Huns
[ REPLAY ANALYSIS · EXTRACTED FROM THE RECORDED GAME ]
Feudal
14:45
Castle
19:05
Imperial
32:44
| APM avg | 19.5 |
| APM peak | 82 |
| eAPM avg | 13.8 |
| Villagers / military | 160 / 343 |
Focus
⚔️ 26.3% · 🌾 73.7%
Mameluke ×248 · Trade Cart ×105 · Mangonel ×41 · Bombard Cannon ×29 · Battering Ram ×25 · Fishing Ship ×3
Feudal
11:48
Castle
15:21
Imperial
30:18
| APM avg | 41.0 |
| APM peak | 94 |
| eAPM avg | 27.1 |
| Villagers / military | 149 / 949 |
Focus
⚔️ 41.2% · 🌾 58.8%
Shotel Warrior ×360 · Militia ×191 · Spearman ×160 · Archer ×158 · Trade Cart ×57 · Mangonel ×33
Feudal
13:17
Castle
25:58
Imperial
32:22
| APM avg | 20.9 |
| APM peak | 104 |
| eAPM avg | 17.7 |
| Villagers / military | 213 / 720 |
Focus
⚔️ 29.7% · 🌾 70.3%
Militia ×256 · Spearman ×235 · Knight ×186 · Trade Cart ×120 · Cannon Galleon ×33 · Fishing Ship ×15
Feudal
12:58
Castle
21:00
Imperial
32:12
| APM avg | 17.0 |
| APM peak | 73 |
| eAPM avg | 16.0 |
| Villagers / military | 103 / 394 |
Focus
⚔️ 41.3% · 🌾 58.7%
Battle Elephant ×392 · Trade Cart ×36 · Fishing Ship ×6 · Trebuchet (Packed) ×2
Feudal
—
Castle
—
Imperial
—
| APM avg | 825.2 |
| APM peak | 1917 |
| eAPM avg | 823.5 |
| Villagers / military | 0 / 425 |
Focus
⚔️ 49.3% · 🌾 50.7%
Spearman ×185 · Scout Cavalry ×141 · Knight ×56 · Trebuchet (Packed) ×20 · Bombard Cannon ×14 · Battering Ram ×7
Feudal
—
Castle
—
Imperial
—
| APM avg | 1323.4 |
| APM peak | 6679 |
| eAPM avg | 1322.9 |
| Villagers / military | 0 / 949 |
Focus
⚔️ 50.1% · 🌾 49.9%
Scout Cavalry ×304 · Spearman ×281 · Urumi Swordsman ×270 · Bombard Cannon ×31 · Battle Elephant ×20 · Mangonel ×19
Feudal
—
Castle
—
Imperial
—
| APM avg | 638.3 |
| APM peak | 3463 |
| eAPM avg | 637.9 |
| Villagers / military | 0 / 970 |
Focus
⚔️ 40.9% · 🌾 59.1%
Scout Cavalry ×274 · Spearman ×231 · Tarkan ×190 · Knight ×162 · Battering Ram ×39 · Trebuchet (Packed) ×36
Feudal
—
Castle
—
Imperial
—
| APM avg | 650.9 |
| APM peak | 3564 |
| eAPM avg | 650.3 |
| Villagers / military | 0 / 855 |
Focus
⚔️ 61.1% · 🌾 38.9%
Militia ×322 · Spearman ×184 · Hand Cannoneer ×106 · Scout Cavalry ×89 · Huskarl ×85 · Battering Ram ×31
Match map
Initial resources + every placement click. Lines = walls · curves = elevation contours. ◆ gold · ⬟ stone · ● berries · ✦ relic · ◌ wall gap
Your base· ✓ Closed at 19:05 · 48t walls · no gate
Quoc Nguyen's base· ✓ Closed at 15:21 · 0t walls · no gate
mysatisfaction's base· ✓ Closed at 25:58 · 208t walls · no gate
Luffy_D_Raj's base· ✓ Closed at 21:00 · 46t walls · no gate
's base· Open — opponent sealed themselves in
's base· Open — opponent sealed themselves in
's base· Open — opponent sealed themselves in
's base· Open — opponent sealed themselves in
Smoothed initial terrain · ◌ = detected wall gap · hover for details
Inputs per minute
— JammedGun - - Quoc Nguyen
Build order — JammedGun
First 150 of 508 actions detected
| 0:02 | Create | Villager (Male) ×4 |
| 0:08 | Build | House |
| 0:09 | Build | House |
| 0:10 | Build | House |
| 1:35 | Create | Villager (Male) |
| 1:51 | Build | Mill |
| 2:08 | Create | Villager (Male) |
| 2:33 | Research | Loom |
| 2:48 | Create | Villager (Male) |
| 3:09 | Create | Villager (Male) |
| 3:23 | Create | Villager (Male) |
| 3:52 | Create | Villager (Male) |
| 4:12 | Build | House |
| 4:16 | Create | Villager (Male) |
| 4:36 | Create | Villager (Male) |
| 4:38 | Create | Villager (Male) |
| 5:06 | Build | Palisade Wall |
| 5:12 | Create | Villager (Male) |
| 5:13 | Create | Villager (Male) |
| 5:45 | Create | Villager (Male) |
| 5:46 | Create | Villager (Male) |
| 6:12 | Build | Lumber Camp |
| 6:23 | Create | Villager (Male) |
| 6:23 | Create | Villager (Male) |
| 6:33 | Build | House |
| 6:35 | Build | House |
| 6:58 | Create | Villager (Male) |
| 6:58 | Create | Villager (Male) |
| 7:28 | Create | Villager (Male) |
| 7:42 | Build | House |
| 8:04 | Build | Farm |
| 8:05 | Build | Farm |
| 8:16 | Build | Palisade Wall |
| 8:26 | Create | Villager (Male) |
| 8:26 | Create | Villager (Male) |
| 8:26 | Create | Villager (Male) |
| 8:36 | Create | Villager (Male) |
| 9:20 | Build | Farm |
| 9:21 | Build | Farm |
| 9:33 | Build | Mining Camp |
| 10:05 | Create | Villager (Male) |
| 10:12 | Build | Farm |
| 10:38 | Build | Mining Camp |
| 10:46 | Create | Villager (Male) |
| 11:00 | Create | Villager (Male) |
| 11:22 | Create | Villager (Male) |
| 12:05 | Create | Villager (Male) |
| 12:20 | Research | Feudal Age |
| 12:42 | Build | Dock |
| 13:32 | Build | House |
| 13:33 | Build | House |
| 13:40 | Create | Villager (Male) |
| 13:40 | Create | Villager (Male) |
| 13:40 | Create | Villager (Male) |
| 13:40 | Create | Villager (Male) |
| 14:21 | Create | Fishing Ship |
| 14:21 | Create | Fishing Ship |
| 14:39 | Build | Farm |
| 14:40 | Build | Farm |
| 14:42 | Build | Farm |
| 14:45 | Age | Feudal Age |
| 15:06 | Build | Stone Wall |
| 15:14 | Build | Market |
| 15:23 | Build | Blacksmith |
| 15:53 | Build | Mill |
| 16:07 | Build | Farm |
| 16:08 | Build | Farm |
| 16:09 | Build | Farm |
| 16:21 | Research | Castle Age |
| 16:33 | Build | Stone Wall |
| 17:00 | Research | Horse Collar |
| 17:03 | Research | Double-Bit Axe |
| 17:25 | Build | Stone Wall |
| 17:45 | Create | Villager (Male) |
| 17:45 | Create | Villager (Male) |
| 17:46 | Create | Villager (Male) |
| 17:51 | Create | Fishing Ship |
| 18:11 | Build | Stone Wall |
| 18:30 | Build | Farm |
| 18:37 | Create | Villager (Male) |
| 19:01 | Build | Stone Wall |
| 19:05 | Age | Castle Age |
| 19:10 | Research | Heavy Plow |
| 19:12 | Research | Bow Saw |
| 19:38 | Build | Siege Workshop |
| 19:42 | Research | Gold Mining |
| 19:48 | Build | Town Center |
| 20:25 | Create | Mangonel |
| 20:25 | Create | Mangonel |
| 20:35 | Create | Villager (Male) |
| 20:36 | Create | Villager (Male) |
| 20:36 | Create | Villager (Male) |
| 20:37 | Create | Villager (Male) |
| 21:18 | Build | Town Center |
| 21:22 | Research | Wheelbarrow |
| 21:32 | Build | University |
| 21:36 | Create | Villager (Male) ×5 |
| 22:07 | Create | Mangonel |
| 22:35 | Create | Mangonel |
| 22:47 | Build | Farm |
| 22:49 | Build | Farm |
| 22:53 | Create | Villager (Male) |
| 22:54 | Create | Villager (Male) |
| 23:20 | Create | Villager (Male) ×5 |
| 23:26 | Create | Villager (Male) |
| 23:26 | Create | Villager (Male) |
| 23:26 | Create | Villager (Male) |
| 23:26 | Create | Villager (Male) |
| 23:35 | Build | Farm |
| 23:44 | Research | Fortified Wall (upgrade) |
| 24:10 | Build | House |
| 24:11 | Build | House |
| 24:12 | Build | House |
| 24:14 | Build | House |
| 24:15 | Build | House |
| 24:30 | Build | Town Center |
| 24:57 | Research | Stone Mining |
| 25:00 | Create | Mangonel |
| 25:23 | Build | Stone Wall |
| 25:29 | Create | Villager (Male) |
| 25:29 | Create | Villager (Male) |
| 25:45 | Create | Villager (Male) |
| 25:52 | Build | House |
| 25:53 | Build | House |
| 25:54 | Build | House |
| 25:56 | Build | House |
| 25:57 | Build | House |
| 26:00 | Build | House |
| 26:17 | Build | Farm |
| 26:18 | Build | Farm |
| 26:20 | Build | Farm |
| 26:21 | Build | Farm |
| 26:26 | Research | Caravan |
| 26:32 | Create | Trade Cart |
| 26:32 | Create | Trade Cart |
| 26:42 | Create | Villager (Male) |
| 26:42 | Create | Villager (Male) |
| 26:43 | Create | Villager (Male) |
| 26:43 | Create | Villager (Male) |
| 26:50 | Create | Villager (Male) |
| 26:51 | Create | Villager (Male) |
| 26:51 | Create | Villager (Male) |
| 26:51 | Create | Villager (Male) |
| 27:01 | Build | Stone Wall |
| 27:18 | Create | Villager (Male) |
| 27:18 | Create | Villager (Male) |
| 27:18 | Create | Villager (Male) |
| 27:19 | Create | Villager (Male) |
| 27:35 | Build | Town Center |
| 27:53 | Build | Market |
Build order — Quoc Nguyen
First 150 of 766 actions detected
| 0:02 | Create | Villager (Male) |
| 0:02 | Create | Villager (Male) |
| 0:03 | Build | House |
| 0:03 | Create | Villager (Male) |
| 0:04 | Build | House |
| 0:05 | Create | Villager (Male) |
| 1:38 | Create | Villager (Male) |
| 1:56 | Create | Villager (Male) |
| 2:33 | Create | Villager (Male) |
| 2:33 | Create | Villager (Male) |
| 2:41 | Create | Villager (Male) |
| 3:07 | Create | Villager (Male) |
| 3:12 | Create | Villager (Male) |
| 3:30 | Build | Lumber Camp |
| 3:35 | Create | Villager (Male) |
| 3:56 | Build | House |
| 4:01 | Create | Villager (Male) |
| 4:18 | Create | Villager (Male) |
| 4:19 | Create | Villager (Male) |
| 4:21 | Create | Villager (Male) |
| 4:21 | Create | Villager (Male) |
| 4:43 | Create | Villager (Male) |
| 5:03 | Build | House |
| 5:26 | Create | Villager (Male) |
| 5:56 | Create | Villager (Male) |
| 6:34 | Build | House |
| 6:41 | Build | Mill |
| 6:42 | Create | Villager (Male) |
| 6:42 | Create | Villager (Male) |
| 6:42 | Create | Villager (Male) |
| 6:42 | Create | Villager (Male) |
| 6:44 | Create | Villager (Male) |
| 6:44 | Create | Villager (Male) |
| 6:55 | Create | Villager (Male) |
| 6:55 | Create | Villager (Male) |
| 8:09 | Create | Villager (Male) |
| 8:09 | Create | Villager (Male) |
| 8:09 | Create | Villager (Male) |
| 8:10 | Create | Villager (Male) |
| 8:10 | Create | Villager (Male) |
| 8:10 | Create | Villager (Male) |
| 8:20 | Create | Villager (Male) |
| 8:42 | Build | Mining Camp |
| 9:32 | Research | Feudal Age |
| 9:32 | Research | Feudal Age |
| 11:11 | Build | House |
| 11:48 | Age | Feudal Age |
| 11:51 | Create | Villager (Male) |
| 11:55 | Build | Blacksmith |
| 11:58 | Create | Villager (Male) |
| 12:00 | Build | Market |
| 12:31 | Research | Castle Age |
| 12:31 | Research | Castle Age |
| 13:03 | Build | House |
| 13:04 | Build | House |
| 13:08 | Build | House |
| 13:23 | Build | Farm |
| 13:24 | Build | Farm |
| 13:26 | Build | Farm |
| 13:41 | Research | Double-Bit Axe |
| 13:56 | Research | Horse Collar |
| 13:59 | Build | House |
| 14:13 | Research | Wheelbarrow |
| 14:14 | Research | Wheelbarrow |
| 15:21 | Age | Castle Age |
| 15:28 | Build | Town Center |
| 15:35 | Research | Bow Saw |
| 15:35 | Research | Bow Saw |
| 16:17 | Build | Town Center |
| 16:20 | Create | Villager (Male) |
| 16:25 | Research | Loom |
| 16:27 | Create | Villager (Male) |
| 17:03 | Create | Villager (Male) |
| 17:11 | Research | Heavy Plow |
| 17:11 | Research | Heavy Plow |
| 17:13 | Create | Villager (Male) |
| 17:14 | Create | Villager (Male) |
| 17:28 | Create | Villager (Male) |
| 17:29 | Create | Villager (Male) |
| 17:29 | Create | Villager (Male) |
| 17:30 | Create | Villager (Male) |
| 17:30 | Create | Villager (Male) |
| 17:30 | Create | Villager (Male) |
| 17:31 | Create | Villager (Male) |
| 17:48 | Build | Monastery |
| 18:04 | Research | Hand Cart |
| 18:04 | Research | Hand Cart |
| 18:06 | Create | Villager (Male) |
| 18:07 | Create | Villager (Male) |
| 18:08 | Create | Villager (Male) |
| 18:22 | Build | Farm |
| 18:24 | Build | Farm |
| 18:30 | Build | Farm |
| 18:31 | Build | Farm |
| 18:33 | Create | Monk |
| 18:34 | Create | Monk |
| 18:36 | Create | Villager (Male) |
| 18:45 | Build | Farm |
| 18:46 | Build | Farm |
| 18:52 | Build | House |
| 18:55 | Build | House |
| 18:59 | Create | Villager (Male) |
| 19:00 | Create | Villager (Male) |
| 19:01 | Create | Villager (Male) |
| 19:04 | Build | Farm |
| 19:11 | Build | Farm |
| 19:24 | Create | Villager (Male) |
| 19:25 | Create | Villager (Male) |
| 19:41 | Build | Farm |
| 19:50 | Create | Villager (Male) |
| 19:51 | Create | Villager (Male) |
| 19:57 | Build | Farm |
| 20:05 | Build | House |
| 20:06 | Build | House |
| 20:07 | Build | House |
| 20:08 | Build | House |
| 20:10 | Build | Farm |
| 20:11 | Build | Farm |
| 20:13 | Create | Villager (Male) |
| 20:15 | Create | Villager (Male) |
| 20:22 | Build | Farm |
| 20:27 | Build | Farm |
| 20:30 | Build | Farm |
| 20:31 | Build | Farm |
| 20:34 | Create | Monk |
| 20:36 | Build | Farm |
| 20:39 | Research | Gold Mining |
| 20:45 | Build | Farm |
| 20:47 | Create | Villager (Male) |
| 20:51 | Build | Lumber Camp |
| 20:56 | Build | Farm |
| 20:58 | Build | Farm |
| 20:59 | Create | Villager (Male) |
| 21:05 | Create | Monk |
| 21:20 | Research | Stone Mining |
| 21:21 | Create | Villager (Male) |
| 21:21 | Create | Villager (Male) |
| 21:29 | Build | Town Center |
| 21:31 | Create | Villager (Male) |
| 21:39 | Create | Villager (Male) |
| 21:41 | Create | Villager (Male) |
| 21:42 | Create | Villager (Male) |
| 21:42 | Create | Villager (Male) |
| 21:49 | Build | Farm |
| 21:55 | Create | Villager (Male) |
| 21:56 | Create | Villager (Male) |
| 21:56 | Create | Villager (Male) |
| 22:02 | Build | Farm |
| 22:03 | Build | Farm |
| 22:07 | Build | Farm |
Build order — mysatisfaction
First 150 of 661 actions detected
| 0:05 | Research | Loom |
| 0:06 | Create | Villager (Male) ×4 |
| 0:06 | Create | Villager (Male) ×4 |
| 0:26 | Build | House |
| 0:29 | Build | House |
| 0:31 | Build | House |
| 0:33 | Build | House |
| 2:46 | Create | Villager (Male) |
| 2:46 | Create | Villager (Male) |
| 3:18 | Create | Villager (Male) |
| 3:51 | Build | Palisade Wall |
| 4:16 | Create | Villager (Male) |
| 4:17 | Create | Villager (Male) |
| 4:21 | Create | Villager (Male) |
| 4:37 | Create | Villager (Male) |
| 5:07 | Create | Villager (Male) |
| 5:09 | Create | Villager (Male) |
| 6:38 | Create | Villager (Male) |
| 6:41 | Create | Villager (Male) |
| 6:42 | Create | Villager (Male) |
| 6:46 | Create | Villager (Male) |
| 6:50 | Create | Villager (Male) |
| 6:51 | Create | Villager (Male) |
| 6:54 | Create | Villager (Male) |
| 7:14 | Build | Palisade Wall |
| 7:19 | Create | Villager (Male) |
| 7:44 | Create | Villager (Male) |
| 7:56 | Build | Palisade Wall |
| 8:17 | Build | Palisade Wall |
| 8:21 | Create | Villager (Male) |
| 8:24 | Create | Villager (Male) |
| 8:27 | Create | Villager (Male) |
| 8:28 | Create | Villager (Male) |
| 8:31 | Create | Villager (Male) |
| 8:40 | Create | Villager (Male) |
| 9:08 | Create | Villager (Male) |
| 9:10 | Create | Villager (Male) |
| 9:40 | Build | Lumber Camp |
| 9:41 | Create | Villager (Male) |
| 10:15 | Build | Mill |
| 10:31 | Build | House |
| 10:32 | Build | House |
| 10:35 | Build | House |
| 10:36 | Build | House |
| 10:37 | Create | Villager (Male) |
| 11:07 | Research | Feudal Age |
| 11:08 | Create | Villager (Male) |
| 11:20 | Create | Villager (Male) |
| 11:21 | Create | Villager (Male) |
| 11:25 | Create | Villager (Male) |
| 11:40 | Build | Palisade Wall |
| 11:43 | Create | Villager (Male) |
| 11:58 | Create | Villager (Male) |
| 12:10 | Build | Mining Camp |
| 12:22 | Build | Mining Camp |
| 12:23 | Create | Villager (Male) |
| 12:24 | Create | Villager (Male) |
| 12:31 | Create | Villager (Male) |
| 12:38 | Create | Villager (Male) |
| 12:56 | Create | Villager (Male) |
| 13:17 | Age | Feudal Age |
| 13:23 | Create | Villager (Male) |
| 13:34 | Research | Double-Bit Axe |
| 13:36 | Research | Horse Collar |
| 13:38 | Create | Villager (Male) |
| 13:38 | Create | Villager (Male) |
| 13:47 | Build | Stone Wall |
| 13:50 | Create | Villager (Male) |
| 14:06 | Build | Mill |
| 14:08 | Create | Villager (Male) |
| 14:15 | Create | Villager (Male) |
| 14:26 | Create | Villager (Male) |
| 15:23 | Create | Villager (Male) |
| 15:43 | Build | Dock |
| 15:45 | Create | Villager (Male) |
| 15:55 | Create | Villager (Male) |
| 16:08 | Build | Stone Wall |
| 16:14 | Create | Villager (Male) |
| 16:32 | Build | Farm |
| 16:32 | Build | Farm |
| 16:32 | Build | Farm |
| 16:32 | Build | Farm |
| 16:34 | Create | Villager (Male) |
| 16:37 | Create | Villager (Male) |
| 16:53 | Build | Mill |
| 17:05 | Create | Villager (Male) |
| 17:27 | Create | Villager (Male) |
| 17:40 | Build | Market |
| 17:41 | Create | Villager (Male) |
| 17:49 | Create | Villager (Male) |
| 18:00 | Build | Farm |
| 18:00 | Build | Farm |
| 18:00 | Build | Farm |
| 18:01 | Build | Farm |
| 18:21 | Build | House |
| 18:22 | Build | House |
| 18:24 | Build | House |
| 18:25 | Create | Villager (Male) |
| 18:34 | Build | Stone Wall |
| 18:37 | Create | Villager (Male) |
| 18:53 | Build | Farm |
| 18:58 | Create | Fishing Ship |
| 19:00 | Create | Villager (Male) |
| 19:17 | Research | Stone Mining |
| 19:27 | Create | Villager (Male) |
| 19:32 | Create | Villager (Male) |
| 20:13 | Build | Blacksmith |
| 20:14 | Create | Villager (Male) |
| 20:20 | Create | Villager (Male) |
| 20:41 | Create | Villager (Male) |
| 20:47 | Build | House |
| 20:48 | Build | House |
| 20:48 | Create | Villager (Male) |
| 20:56 | Build | Stone Wall |
| 20:58 | Create | Villager (Male) |
| 21:02 | Create | Villager (Male) |
| 21:15 | Create | Villager (Male) |
| 21:21 | Research | Gold Mining |
| 21:22 | Create | Villager (Male) |
| 21:23 | Create | Villager (Male) |
| 21:29 | Create | Fishing Ship |
| 21:29 | Create | Villager (Male) |
| 21:36 | Build | Farm |
| 21:37 | Build | Farm |
| 21:37 | Build | Farm |
| 21:37 | Build | Farm |
| 21:38 | Build | Farm |
| 21:38 | Build | Farm |
| 21:43 | Build | Farm |
| 21:48 | Build | Farm |
| 21:52 | Create | Villager (Male) |
| 22:16 | Build | House |
| 22:17 | Build | House |
| 22:18 | Create | Villager (Male) |
| 22:40 | Create | Villager (Male) |
| 23:03 | Research | Castle Age |
| 23:03 | Research | Castle Age |
| 23:04 | Create | Villager (Male) |
| 23:13 | Create | Villager (Male) |
| 23:27 | Build | Stone Wall |
| 23:30 | Create | Villager (Male) |
| 23:43 | Create | Fishing Ship |
| 23:44 | Create | Villager (Male) |
| 23:55 | Build | House |
| 24:00 | Build | Lumber Camp |
| 24:09 | Create | Villager (Male) |
| 24:13 | Create | Villager (Male) |
| 24:31 | Build | House |
| 24:32 | Build | House |
| 24:33 | Build | House |
Build order — Luffy_D_Raj
First 150 of 770 actions detected
| 0:15 | Build | House |
| 0:18 | Create | Villager (Male) |
| 0:18 | Create | Villager (Male) |
| 0:45 | Build | House |
| 1:13 | Create | Villager (Male) |
| 1:17 | Create | Villager (Male) |
| 1:24 | Build | House |
| 1:49 | Create | Villager (Male) |
| 2:17 | Build | Lumber Camp |
| 2:24 | Create | Villager (Male) |
| 2:43 | Create | Villager (Male) |
| 3:11 | Create | Villager (Male) |
| 3:45 | Research | Loom |
| 3:45 | Create | Villager (Male) |
| 4:31 | Create | Villager (Male) |
| 4:41 | Create | Villager (Male) |
| 5:14 | Create | Villager (Male) |
| 5:34 | Build | Dock |
| 5:48 | Create | Villager (Male) |
| 5:54 | Create | Villager (Male) |
| 6:16 | Build | Palisade Wall |
| 6:29 | Create | Villager (Male) |
| 6:34 | Create | Fishing Ship |
| 6:45 | Create | Villager (Male) |
| 6:51 | Create | Villager (Male) |
| 7:15 | Build | House |
| 7:42 | Create | Fishing Ship |
| 7:52 | Build | House |
| 8:05 | Build | Mill |
| 8:50 | Build | House |
| 9:01 | Create | Fishing Ship |
| 9:09 | Create | Villager (Male) |
| 9:13 | Create | Villager (Male) |
| 9:25 | Create | Fishing Ship |
| 9:37 | Build | Palisade Wall |
| 9:47 | Build | Palisade Wall |
| 10:48 | Research | Feudal Age |
| 11:19 | Build | Palisade Wall |
| 12:58 | Age | Feudal Age |
| 13:03 | Research | Wheelbarrow |
| 13:13 | Build | Stone Wall |
| 13:26 | Build | Stone Wall |
| 13:44 | Research | Double-Bit Axe |
| 13:48 | Research | Tech 906 |
| 13:59 | Create | Villager (Male) |
| 14:00 | Create | Villager (Male) |
| 14:05 | Research | Horse Collar |
| 14:14 | Build | Blacksmith |
| 14:18 | Build | Market |
| 14:34 | Build | Fish Trap |
| 14:42 | Build | Fish Trap |
| 15:01 | Build | Stone Wall |
| 15:14 | Build | Mining Camp |
| 15:16 | Create | Villager (Male) |
| 15:20 | Create | Villager (Male) |
| 15:29 | Create | Fishing Ship |
| 15:31 | Create | Fishing Ship |
| 16:09 | Create | Villager (Male) |
| 16:18 | Create | Villager (Male) |
| 16:41 | Build | Farm |
| 16:42 | Build | Farm |
| 16:43 | Build | Farm |
| 16:44 | Build | Farm |
| 16:46 | Build | Farm |
| 16:47 | Build | Farm |
| 16:52 | Build | Mining Camp |
| 16:57 | Create | Villager (Male) |
| 17:05 | Build | Fish Trap |
| 17:25 | Build | Fish Trap |
| 17:31 | Build | Fish Trap |
| 17:40 | Build | Fish Trap |
| 18:00 | Build | Stone Wall |
| 18:20 | Research | Castle Age |
| 18:25 | Research | Stone Mining |
| 18:28 | Research | Gold Mining |
| 18:28 | Research | Gold Mining |
| 19:24 | Build | Stone Wall |
| 20:22 | Build | Farm |
| 20:24 | Build | Farm |
| 20:40 | Build | Farm |
| 21:00 | Age | Castle Age |
| 21:08 | Build | Town Center |
| 21:14 | Research | Hand Cart |
| 21:23 | Research | Heavy Plow |
| 21:27 | Research | Bow Saw |
| 21:44 | Build | Stone Wall |
| 21:55 | Create | Villager (Male) |
| 21:59 | Create | Villager (Male) |
| 22:03 | Create | Villager (Male) |
| 22:03 | Create | Villager (Male) |
| 22:04 | Create | Villager (Male) |
| 22:09 | Create | Villager (Male) |
| 22:12 | Create | Villager (Male) |
| 22:27 | Build | University |
| 22:47 | Create | Villager (Male) |
| 22:50 | Create | Villager (Male) |
| 23:06 | Build | Stone Wall |
| 23:19 | Build | House |
| 23:23 | Build | House |
| 23:35 | Research | Stone Shaft Mining |
| 23:39 | Research | Fortified Wall (upgrade) |
| 24:00 | Build | House |
| 24:04 | Build | House |
| 24:11 | Create | Villager (Male) |
| 24:13 | Create | Villager (Male) |
| 24:14 | Create | Villager (Male) |
| 24:18 | Create | Villager (Male) |
| 24:21 | Research | Forging |
| 24:24 | Research | Fletching |
| 25:11 | Build | House |
| 25:12 | Build | House |
| 25:13 | Build | House |
| 25:26 | Build | Stone Wall |
| 25:43 | Build | Farm |
| 25:51 | Build | Farm |
| 25:59 | Build | House |
| 26:00 | Build | House |
| 26:03 | Build | House |
| 26:04 | Build | House |
| 26:07 | Create | Villager (Male) |
| 26:07 | Create | Villager (Male) |
| 26:08 | Create | Villager (Male) |
| 26:38 | Build | Town Center |
| 26:43 | Create | Villager (Male) |
| 26:43 | Create | Villager (Male) |
| 26:43 | Create | Villager (Male) |
| 26:43 | Create | Villager (Male) |
| 26:53 | Create | Villager (Male) |
| 26:53 | Create | Villager (Male) |
| 26:55 | Create | Villager (Male) |
| 26:55 | Create | Villager (Male) |
| 27:00 | Create | Villager (Male) |
| 27:01 | Create | Villager (Male) |
| 27:17 | Build | Stone Wall |
| 27:30 | Build | House |
| 27:32 | Build | House |
| 27:34 | Build | House |
| 27:34 | Build | House |
| 27:58 | Build | Siege Workshop |
| 28:21 | Build | House |
| 28:23 | Build | House |
| 28:24 | Build | House |
| 28:26 | Build | House |
| 28:28 | Build | House |
| 28:37 | Create | Villager (Male) |
| 28:37 | Create | Villager (Male) |
| 28:40 | Create | Villager (Male) |
| 28:40 | Create | Villager (Male) |
| 28:40 | Create | Villager (Male) |
| 28:40 | Create | Villager (Male) |
Build order —
First 150 of 1209 actions detected
| 0:00 | Build | House |
| 0:03 | Build | House |
| 1:37 | Build | Lumber Camp |
| 3:14 | Build | Mill |
| 3:27 | Build | Lumber Camp |
| 3:35 | Build | House |
| 5:34 | Research | Tech None |
| 5:34 | Build | House |
| 6:37 | Build | Mining Camp |
| 6:49 | Research | Tech None |
| 7:16 | Build | Barracks |
| 9:13 | Build | Archery Range |
| 9:14 | Research | Tech None |
| 9:14 | Research | Tech None |
| 9:17 | Research | Tech None |
| 9:18 | Build | Archery Range |
| 9:19 | Build | House |
| 9:28 | Build | House |
| 10:33 | Build | Blacksmith |
| 10:34 | Build | Blacksmith |
| 10:46 | Build | House |
| 10:53 | Build | House |
| 10:55 | Build | House |
| 11:09 | Research | Tech None |
| 11:30 | Research | Tech None |
| 11:47 | Research | Tech None |
| 11:59 | Build | House |
| 12:05 | Build | House |
| 12:12 | Build | House |
| 12:18 | Build | House |
| 12:28 | Build | Farm |
| 12:42 | Build | Farm |
| 12:51 | Build | Farm |
| 13:14 | Build | Farm |
| 13:23 | Build | Farm |
| 13:47 | Build | Lumber Camp |
| 13:57 | Build | Farm |
| 14:04 | Build | Farm |
| 14:22 | Build | Farm |
| 14:25 | Research | Tech None |
| 15:08 | Research | Tech None |
| 15:37 | Build | Archery Range |
| 16:05 | Build | House |
| 16:06 | Build | House |
| 16:52 | Build | Town Center |
| 17:18 | Research | Tech None |
| 17:24 | Research | Tech None |
| 17:25 | Build | House |
| 17:35 | Build | House |
| 17:49 | Research | Tech None |
| 18:05 | Build | Siege Workshop |
| 18:23 | Build | Farm |
| 19:03 | Build | Town Center |
| 19:17 | Build | Town Center |
| 19:53 | Research | Tech None |
| 20:08 | Build | House |
| 20:09 | Build | House |
| 20:16 | Build | Farm |
| 20:28 | Build | Farm |
| 20:29 | Build | Farm |
| 20:40 | Build | Farm |
| 20:47 | Build | Farm |
| 20:55 | Build | Farm |
| 21:03 | Build | Farm |
| 21:09 | Build | Farm |
| 21:19 | Research | Tech None |
| 21:32 | Build | Lumber Camp |
| 21:34 | Build | House |
| 21:36 | Build | Farm |
| 21:37 | Build | House |
| 21:47 | Build | Farm |
| 21:56 | Build | Farm |
| 22:01 | Build | Farm |
| 22:04 | Build | Farm |
| 22:18 | Build | Farm |
| 22:36 | Build | Farm |
| 22:37 | Build | Farm |
| 22:39 | Build | Farm |
| 22:43 | Build | Farm |
| 22:46 | Build | Farm |
| 22:49 | Build | Monastery |
| 22:53 | Research | Tech None |
| 22:58 | Build | Farm |
| 22:58 | Build | House |
| 22:59 | Build | House |
| 23:02 | Build | Farm |
| 23:08 | Build | Monastery |
| 23:20 | Build | Farm |
| 23:25 | Build | Farm |
| 23:26 | Build | House |
| 23:29 | Build | Farm |
| 23:37 | Build | Farm |
| 23:42 | Build | Farm |
| 23:47 | Build | Mill |
| 24:00 | Build | Monastery |
| 24:17 | Build | Farm |
| 24:24 | Build | Farm |
| 24:25 | Research | Tech None |
| 24:26 | Build | Farm |
| 24:32 | Build | House |
| 24:34 | Build | House |
| 24:39 | Build | Farm |
| 24:49 | Build | Farm |
| 24:49 | Build | Mining Camp |
| 24:53 | Research | Tech None |
| 25:00 | Build | Farm |
| 25:09 | Build | Market |
| 25:17 | Build | Farm |
| 25:35 | Build | Farm |
| 25:39 | Build | Lumber Camp |
| 25:45 | Build | Stable |
| 25:54 | Build | Farm |
| 25:55 | Build | Mill |
| 25:57 | Build | House |
| 26:01 | Build | Farm |
| 26:02 | Build | House |
| 26:14 | Build | Stable |
| 26:16 | Research | Tech None |
| 26:18 | Research | Tech None |
| 26:29 | Research | Tech None |
| 26:35 | Research | Tech None |
| 26:40 | Build | Farm |
| 26:42 | Research | Tech None |
| 26:45 | Build | Farm |
| 26:49 | Build | Farm |
| 26:55 | Build | House |
| 26:57 | Build | House |
| 26:58 | Build | House |
| 27:02 | Research | Tech None |
| 27:02 | Build | Farm |
| 27:06 | Build | Farm |
| 27:10 | Research | Tech None |
| 27:13 | Build | Farm |
| 27:16 | Research | Tech None |
| 27:44 | Build | University |
| 28:20 | Build | University |
| 28:31 | Build | House |
| 28:32 | Build | House |
| 28:33 | Build | House |
| 28:38 | Build | Stable |
| 28:40 | Build | Barracks |
| 28:45 | Build | Market |
| 29:02 | Research | Tech None |
| 29:02 | Build | House |
| 29:07 | Research | Tech None |
| 29:11 | Build | Barracks |
| 29:16 | Research | Tech None |
| 29:21 | Build | Barracks |
| 29:36 | Build | Market |
| 29:41 | Build | Lumber Camp |
Build order —
First 150 of 1439 actions detected
| 0:00 | Build | House |
| 0:03 | Build | House |
| 1:42 | Build | Lumber Camp |
| 3:46 | Build | House |
| 4:04 | Build | Mill |
| 4:13 | Build | Lumber Camp |
| 5:51 | Research | Tech None |
| 5:51 | Build | House |
| 6:42 | Build | Mining Camp |
| 8:01 | Build | Lumber Camp |
| 8:04 | Build | Lumber Camp |
| 8:06 | Build | Lumber Camp |
| 8:09 | Build | Lumber Camp |
| 8:11 | Build | Lumber Camp |
| 8:14 | Build | Lumber Camp |
| 8:16 | Build | Lumber Camp |
| 8:21 | Build | House |
| 8:34 | Build | Farm |
| 8:35 | Build | Farm |
| 8:40 | Build | Farm |
| 8:41 | Build | Farm |
| 9:07 | Research | Tech None |
| 9:29 | Build | Barracks |
| 11:21 | Build | Market |
| 11:22 | Research | Tech None |
| 11:22 | Build | Blacksmith |
| 11:24 | Research | Tech None |
| 11:24 | Build | House |
| 11:26 | Build | Stable |
| 11:40 | Research | Tech None |
| 11:56 | Build | Farm |
| 12:11 | Research | Tech None |
| 12:11 | Build | Farm |
| 12:34 | Build | Farm |
| 12:35 | Build | Farm |
| 12:40 | Build | Farm |
| 13:00 | Build | Farm |
| 13:15 | Build | Farm |
| 13:17 | Research | Tech None |
| 13:22 | Build | Farm |
| 14:51 | Research | Tech None |
| 14:51 | Build | Town Center |
| 14:53 | Research | Tech None |
| 14:53 | Build | Town Center |
| 14:54 | Build | House |
| 15:07 | Build | House |
| 15:20 | Build | House |
| 15:23 | Research | Tech None |
| 15:44 | Build | House |
| 15:50 | Research | Tech None |
| 16:21 | Build | Stable |
| 16:52 | Build | Farm |
| 17:06 | Build | Monastery |
| 17:14 | Build | Farm |
| 17:30 | Build | Farm |
| 17:47 | Build | Farm |
| 17:57 | Build | Farm |
| 18:03 | Build | Farm |
| 18:12 | Build | Farm |
| 18:29 | Build | Farm |
| 18:42 | Build | Farm |
| 18:51 | Build | Farm |
| 18:53 | Build | House |
| 18:56 | Build | House |
| 19:03 | Build | Farm |
| 19:19 | Build | Farm |
| 19:33 | Build | Farm |
| 19:43 | Research | Tech None |
| 19:44 | Build | Farm |
| 19:45 | Build | Farm |
| 19:50 | Build | Farm |
| 19:57 | Build | Farm |
| 20:09 | Build | House |
| 20:10 | Build | House |
| 20:17 | Build | Farm |
| 20:30 | Build | Stable |
| 20:37 | Build | Farm |
| 20:45 | Research | Tech None |
| 20:45 | Build | House |
| 20:47 | Build | Farm |
| 20:48 | Build | House |
| 21:08 | Build | Farm |
| 21:09 | Build | Mill |
| 21:24 | Build | Farm |
| 21:29 | Build | Stable |
| 21:34 | Build | Farm |
| 21:37 | Research | Tech None |
| 21:51 | Build | Farm |
| 21:51 | Build | House |
| 21:53 | Build | House |
| 22:03 | Build | Farm |
| 22:14 | Research | Tech None |
| 22:41 | Build | Town Center |
| 22:47 | Build | Farm |
| 22:48 | Build | Farm |
| 22:54 | Build | Farm |
| 23:01 | Build | House |
| 23:02 | Build | House |
| 23:10 | Build | Mining Camp |
| 23:20 | Build | Farm |
| 23:29 | Build | Lumber Camp |
| 23:35 | Build | House |
| 23:42 | Build | Farm |
| 23:59 | Build | Lumber Camp |
| 24:00 | Build | Farm |
| 24:09 | Build | Farm |
| 24:13 | Build | University |
| 24:14 | Research | Tech None |
| 24:19 | Build | University |
| 24:28 | Build | Farm |
| 24:33 | Build | Farm |
| 24:39 | Build | Farm |
| 24:49 | Build | House |
| 24:50 | Build | House |
| 24:54 | Build | Farm |
| 24:57 | Build | Farm |
| 25:02 | Build | Farm |
| 25:11 | Build | Siege Workshop |
| 25:18 | Build | House |
| 25:19 | Build | Siege Workshop |
| 25:24 | Build | Farm |
| 25:25 | Build | House |
| 25:28 | Build | Farm |
| 25:34 | Build | Farm |
| 25:41 | Build | Farm |
| 25:42 | Research | Tech None |
| 25:47 | Build | Farm |
| 25:56 | Build | Farm |
| 26:00 | Build | Mining Camp |
| 26:06 | Build | Mining Camp |
| 26:07 | Build | Mining Camp |
| 26:11 | Research | Tech None |
| 26:11 | Build | House |
| 26:14 | Build | House |
| 26:15 | Research | Tech None |
| 26:22 | Build | Mill |
| 26:29 | Build | Mill |
| 26:40 | Research | Tech None |
| 26:42 | Build | House |
| 26:44 | Build | House |
| 26:50 | Build | Archery Range |
| 26:51 | Build | House |
| 27:10 | Build | House |
| 27:12 | Build | Barracks |
| 27:26 | Build | Market |
| 27:32 | Build | Lumber Camp |
| 27:33 | Build | House |
| 27:39 | Build | Barracks |
| 27:42 | Build | House |
| 27:54 | Build | Barracks |
Build order —
First 150 of 1386 actions detected
| 1:42 | Build | Lumber Camp |
| 4:11 | Build | Mill |
| 4:20 | Build | Lumber Camp |
| 5:51 | Research | Tech None |
| 6:42 | Build | Mining Camp |
| 8:01 | Build | Lumber Camp |
| 8:38 | Research | Tech None |
| 8:38 | Build | Barracks |
| 9:55 | Build | Farm |
| 10:06 | Build | Farm |
| 10:22 | Build | Farm |
| 10:56 | Research | Tech None |
| 10:56 | Build | Stable |
| 10:57 | Research | Tech None |
| 10:57 | Build | Blacksmith |
| 11:07 | Research | Tech None |
| 11:27 | Build | Farm |
| 11:39 | Build | Farm |
| 11:56 | Build | Farm |
| 12:10 | Build | Farm |
| 12:11 | Research | Tech None |
| 12:28 | Build | Farm |
| 12:40 | Build | Farm |
| 13:29 | Research | Tech None |
| 14:46 | Build | Farm |
| 14:47 | Build | Farm |
| 14:48 | Build | Farm |
| 14:51 | Research | Tech None |
| 14:52 | Research | Tech None |
| 14:52 | Build | Town Center |
| 15:26 | Build | Town Center |
| 15:51 | Research | Tech None |
| 16:02 | Research | Tech None |
| 16:40 | Build | Stable |
| 16:52 | Build | Farm |
| 17:00 | Build | Farm |
| 17:22 | Build | Farm |
| 17:42 | Build | Farm |
| 17:49 | Build | Farm |
| 18:12 | Build | Farm |
| 18:15 | Build | Farm |
| 18:29 | Build | Monastery |
| 18:32 | Research | Tech None |
| 18:38 | Build | Farm |
| 18:57 | Build | Farm |
| 19:04 | Build | Farm |
| 19:27 | Build | Farm |
| 19:37 | Research | Tech None |
| 19:46 | Build | Farm |
| 19:52 | Build | Farm |
| 20:01 | Build | Market |
| 20:05 | Build | Stable |
| 20:13 | Build | Farm |
| 20:21 | Build | Farm |
| 20:43 | Research | Tech None |
| 20:44 | Build | Farm |
| 20:46 | Build | Farm |
| 20:50 | Build | Stable |
| 21:21 | Build | Farm |
| 21:23 | Build | Farm |
| 21:29 | Research | Tech None |
| 21:32 | Research | Tech None |
| 21:33 | Research | Tech None |
| 21:36 | Build | Farm |
| 22:07 | Build | Mill |
| 22:08 | Build | Farm |
| 22:12 | Build | Mining Camp |
| 22:46 | Build | Town Center |
| 22:48 | Research | Tech None |
| 22:53 | Build | Farm |
| 22:56 | Build | Farm |
| 22:59 | Build | Farm |
| 23:06 | Build | Farm |
| 23:16 | Build | Farm |
| 23:28 | Build | Siege Workshop |
| 23:37 | Build | Siege Workshop |
| 23:45 | Build | Farm |
| 23:52 | Build | Farm |
| 23:57 | Build | Lumber Camp |
| 24:17 | Build | Mining Camp |
| 24:21 | Build | Market |
| 24:38 | Build | Market |
| 24:43 | Research | Tech None |
| 24:44 | Research | Tech None |
| 24:44 | Research | Tech None |
| 25:04 | Build | Mining Camp |
| 25:22 | Research | Tech None |
| 25:50 | Build | Barracks |
| 25:56 | Build | Barracks |
| 26:01 | Build | Barracks |
| 26:33 | Build | University |
| 26:38 | Build | Barracks |
| 26:45 | Build | Barracks |
| 26:54 | Build | Market |
| 27:15 | Build | Archery Range |
| 27:22 | Build | University |
| 27:28 | Build | Archery Range |
| 27:30 | Build | Archery Range |
| 27:42 | Build | Archery Range |
| 27:53 | Research | Tech None |
| 27:53 | Research | Tech None |
| 27:54 | Research | Tech None |
| 27:57 | Research | Tech None |
| 28:02 | Build | Lumber Camp |
| 28:08 | Build | Stable |
| 28:14 | Build | Stable |
| 28:16 | Research | Tech None |
| 28:19 | Build | Farm |
| 28:20 | Build | Farm |
| 28:21 | Build | Farm |
| 28:22 | Build | Farm |
| 28:24 | Build | Farm |
| 28:28 | Build | Stable |
| 28:35 | Build | Farm |
| 28:44 | Build | Farm |
| 29:00 | Build | Stable |
| 29:05 | Build | Stable |
| 29:07 | Build | Farm |
| 29:09 | Build | Farm |
| 29:11 | Build | Archery Range |
| 29:22 | Build | Archery Range |
| 29:28 | Build | Archery Range |
| 29:31 | Build | Farm |
| 29:35 | Build | Lumber Camp |
| 29:37 | Research | Tech None |
| 29:40 | Build | Siege Workshop |
| 29:43 | Build | Farm |
| 29:44 | Build | Siege Workshop |
| 29:47 | Build | Farm |
| 29:49 | Build | Farm |
| 29:52 | Build | Farm |
| 29:53 | Build | Farm |
| 29:55 | Build | Farm |
| 29:56 | Build | Farm |
| 29:58 | Build | Farm |
| 30:02 | Build | Farm |
| 30:03 | Build | Farm |
| 30:06 | Build | Farm |
| 30:11 | Research | Tech None |
| 30:12 | Build | Mill |
| 30:18 | Build | Farm |
| 30:22 | Build | Farm |
| 30:23 | Build | Farm |
| 30:24 | Build | Castle |
| 30:27 | Build | Siege Workshop |
| 30:33 | Research | Tech None |
| 30:34 | Build | Lumber Camp |
| 30:45 | Build | Farm |
| 30:47 | Build | Farm |
| 30:50 | Build | Farm |
Build order —
First 150 of 1286 actions detected
| 0:00 | Build | House |
| 0:02 | Build | House |
| 1:42 | Build | Lumber Camp |
| 3:46 | Build | House |
| 4:11 | Build | Mill |
| 4:16 | Build | Lumber Camp |
| 5:51 | Research | Tech None |
| 5:51 | Build | House |
| 6:17 | Research | Tech None |
| 6:17 | Build | Mining Camp |
| 7:08 | Build | Barracks |
| 8:52 | Build | Archery Range |
| 8:53 | Research | Tech None |
| 8:53 | Research | Tech None |
| 8:54 | Research | Tech None |
| 8:54 | Build | Farm |
| 8:55 | Build | Farm |
| 8:56 | Build | Farm |
| 9:00 | Build | House |
| 9:50 | Build | Archery Range |
| 9:59 | Build | House |
| 10:02 | Build | House |
| 10:58 | Build | Blacksmith |
| 11:36 | Research | Tech None |
| 11:46 | Build | House |
| 11:48 | Build | House |
| 12:12 | Research | Tech None |
| 12:13 | Research | Tech None |
| 12:14 | Build | House |
| 12:57 | Build | Lumber Camp |
| 13:21 | Build | Farm |
| 13:31 | Build | Farm |
| 13:46 | Build | Farm |
| 14:04 | Build | Farm |
| 14:17 | Build | Farm |
| 14:22 | Build | Farm |
| 14:42 | Build | Farm |
| 14:57 | Research | Tech None |
| 15:32 | Research | Tech None |
| 15:52 | Build | Archery Range |
| 15:54 | Build | House |
| 15:55 | Build | House |
| 17:18 | Build | Archery Range |
| 17:33 | Build | House |
| 17:34 | Build | House |
| 17:39 | Research | Tech None |
| 17:39 | Research | Tech None |
| 17:58 | Build | Town Center |
| 18:25 | Build | Siege Workshop |
| 19:34 | Build | Town Center |
| 19:40 | Research | Tech None |
| 19:41 | Research | Tech None |
| 20:13 | Research | Tech None |
| 20:29 | Research | Tech None |
| 20:44 | Build | Town Center |
| 21:03 | Build | Town Center |
| 21:05 | Build | House |
| 21:06 | Build | House |
| 21:15 | Build | Farm |
| 21:18 | Build | Farm |
| 21:26 | Build | Farm |
| 21:34 | Build | House |
| 21:38 | Build | House |
| 21:41 | Build | Farm |
| 21:42 | Build | Farm |
| 21:53 | Build | Farm |
| 22:06 | Build | Farm |
| 22:07 | Build | Farm |
| 22:13 | Build | Farm |
| 22:40 | Build | Farm |
| 22:45 | Build | Farm |
| 22:56 | Build | Farm |
| 23:07 | Build | Lumber Camp |
| 23:13 | Build | Farm |
| 23:32 | Build | Farm |
| 23:37 | Build | Monastery |
| 23:45 | Build | House |
| 23:47 | Build | House |
| 24:04 | Build | Farm |
| 24:18 | Research | Tech None |
| 24:19 | Build | Mining Camp |
| 24:21 | Build | Farm |
| 24:22 | Build | Farm |
| 24:23 | Build | Farm |
| 24:38 | Build | Farm |
| 24:41 | Build | Farm |
| 24:44 | Build | Farm |
| 24:49 | Build | Farm |
| 24:59 | Build | Farm |
| 25:08 | Build | Mining Camp |
| 25:12 | Build | House |
| 25:14 | Build | Farm |
| 25:23 | Build | House |
| 25:34 | Build | Farm |
| 25:46 | Build | Farm |
| 25:48 | Build | Farm |
| 26:01 | Build | Farm |
| 26:06 | Build | Mill |
| 26:08 | Build | Farm |
| 26:17 | Build | Farm |
| 26:20 | Build | Farm |
| 26:27 | Research | Tech None |
| 26:28 | Research | Tech None |
| 26:28 | Research | Tech None |
| 26:41 | Build | Market |
| 26:43 | Research | Tech None |
| 26:46 | Build | House |
| 26:48 | Build | House |
| 26:58 | Build | House |
| 27:02 | Research | Tech None |
| 27:09 | Research | Tech None |
| 27:10 | Build | Lumber Camp |
| 27:13 | Build | House |
| 27:18 | Build | House |
| 27:22 | Build | House |
| 27:36 | Research | Tech None |
| 27:43 | Build | University |
| 27:53 | Build | University |
| 28:02 | Build | Barracks |
| 28:16 | Build | Barracks |
| 28:24 | Research | Tech None |
| 28:26 | Build | Barracks |
| 28:44 | Build | Barracks |
| 28:54 | Build | Market |
| 29:09 | Research | Tech None |
| 29:25 | Build | House |
| 29:26 | Build | House |
| 29:28 | Build | House |
| 29:37 | Build | Barracks |
| 29:38 | Research | Tech None |
| 29:38 | Research | Tech None |
| 29:40 | Research | Tech None |
| 29:40 | Build | Barracks |
| 29:46 | Build | Barracks |
| 30:10 | Research | Tech None |
| 30:20 | Build | Siege Workshop |
| 30:22 | Research | Tech None |
| 30:24 | Build | Barracks |
| 30:29 | Build | Barracks |
| 30:32 | Build | Farm |
| 30:35 | Build | Farm |
| 30:38 | Build | Farm |
| 30:44 | Build | Farm |
| 30:47 | Build | Farm |
| 30:52 | Build | Farm |
| 30:55 | Build | Farm |
| 30:56 | Build | House |
| 30:57 | Build | Castle |
| 31:03 | Build | Mill |
| 31:06 | Build | Mill |
Match timeline
| 3:51 | mysatisfaction · wall_segment Palisade Wall x37 |
| 5:06 | JammedGun · wall_segment Palisade Wall x10 |
| 5:34 | Luffy_D_Raj · first_building Dock |
| 6:16 | Luffy_D_Raj · wall_segment Palisade Wall x10 |
| 7:08 | · first_building Barracks |
| 7:14 | mysatisfaction · wall_segment Palisade Wall x25 |
| 7:16 | · first_building Barracks |
| 7:56 | mysatisfaction · wall_segment Palisade Wall x4 |
| 8:16 | JammedGun · wall_segment Palisade Wall x11 |
| 8:17 | mysatisfaction · wall_segment Palisade Wall x21 |
| 8:38 | · first_building Barracks |
| 8:52 | · first_building Archery Range |
| 9:13 | · first_building Archery Range |
| 9:29 | · first_building Barracks |
| 9:37 | Luffy_D_Raj · wall_segment Palisade Wall x1 |
| 9:47 | Luffy_D_Raj · wall_segment Palisade Wall x9 |
| 10:56 | · first_building Stable |
| 11:19 | Luffy_D_Raj · wall_segment Palisade Wall x10 |
| 11:26 | · first_building Stable |
| 11:40 | mysatisfaction · wall_segment Palisade Wall x24 |
| 11:48 | Quoc Nguyen · age_up feudal |
| 12:42 | JammedGun · first_building Dock |
| 12:58 | Luffy_D_Raj · age_up feudal |
| 13:13 | Luffy_D_Raj · wall_segment Stone Wall x2 |
| 13:17 | mysatisfaction · age_up feudal |
| 13:26 | Luffy_D_Raj · wall_segment Stone Wall x6 |
| 13:47 | mysatisfaction · wall_segment Stone Wall x29 |
| 14:45 | JammedGun · age_up feudal |
| 15:01 | Luffy_D_Raj · wall_segment Stone Wall x8 |
| 15:06 | JammedGun · wall_segment Stone Wall x11 |
| 15:21 | Quoc Nguyen · age_up castle |
| 15:43 | mysatisfaction · first_building Dock |
| 16:08 | mysatisfaction · wall_segment Stone Wall x23 |
| 16:33 | JammedGun · wall_segment Stone Wall x10 |
| 17:06 | · first_building Monastery |
| 17:25 | JammedGun · wall_segment Stone Wall x11 |
| 17:48 | Quoc Nguyen · first_building Monastery |
| 18:00 | Luffy_D_Raj · wall_segment Stone Wall x8 |
| 18:05 | · first_building Siege Workshop |
| 18:11 | JammedGun · wall_segment Stone Wall x12 |
| 18:25 | · first_building Siege Workshop |
| 18:29 | · first_building Monastery |
| 18:34 | mysatisfaction · wall_segment Stone Wall x24 |
| 19:01 | JammedGun · wall_segment Stone Wall x11 |
| 19:05 | JammedGun · age_up castle |
| 19:21 | Quoc Nguyen · first_market_buy 100 food |
| 19:24 | Luffy_D_Raj · wall_segment Stone Wall x9 |
| 19:38 | JammedGun · first_building Siege Workshop |
| 20:56 | mysatisfaction · wall_segment Stone Wall x25 |
| 21:00 | Luffy_D_Raj · age_up castle |
| 21:44 | Luffy_D_Raj · wall_segment Stone Wall x9 |
| 22:49 | · first_building Monastery |
| 23:02 | Quoc Nguyen · first_building Siege Workshop |
| 23:06 | Luffy_D_Raj · wall_segment Stone Wall x9 |
| 23:27 | mysatisfaction · wall_segment Stone Wall x26 |
| 23:28 | · first_building Siege Workshop |
| 23:37 | · first_building Monastery |
| 23:56 | · first_market_buy 100 wood |
| 24:06 | · first_market_sell 100 food |
| 25:06 | mysatisfaction · wall_segment Stone Wall x23 |
| 25:11 | · first_building Siege Workshop |
| 25:23 | JammedGun · wall_segment Stone Wall x9 |
| 25:26 | Luffy_D_Raj · wall_segment Stone Wall x9 |
| 25:45 | · first_building Stable |
| 25:56 | · first_market_sell 100 food |
| 25:58 | mysatisfaction · age_up castle |
| 26:00 | · first_market_buy 100 wood |
| 26:33 | mysatisfaction · wall_segment Stone Wall x25 |
| 26:50 | · first_building Archery Range |
| 27:01 | JammedGun · wall_segment Stone Wall x9 |
| 27:15 | · first_building Archery Range |
| 27:17 | Luffy_D_Raj · wall_segment Stone Wall x11 |
| 27:58 | mysatisfaction · first_building Monastery |
| 27:58 | Luffy_D_Raj · first_building Siege Workshop |
| 28:09 | · first_building Castle |
| 28:11 | JammedGun · wall_segment Stone Wall x9 |
| 28:27 | mysatisfaction · wall_segment Stone Wall x24 |
| 28:39 | mysatisfaction · wall_segment Stone Wall x29 |
| 29:03 | · first_market_sell 100 food |
| 29:11 | JammedGun · wall_segment Stone Wall x10 |
| 29:21 | Quoc Nguyen · first_building Barracks |
| 30:15 | Luffy_D_Raj · first_building Barracks |
| 30:18 | Quoc Nguyen · age_up imperial |
| 30:24 | · first_building Castle |
| 30:24 | Quoc Nguyen · first_building Archery Range |
| 30:47 | Quoc Nguyen · first_building Castle |
| 30:56 | · first_market_buy 100 stone |
| 30:57 | · first_building Castle |
| 31:03 | · first_building Castle |
| 31:16 | mysatisfaction · first_building Siege Workshop |
| 31:47 | Luffy_D_Raj · first_building Stable |
| 32:09 | · first_building Stable |
| 32:12 | Luffy_D_Raj · age_up imperial |
| 32:22 | mysatisfaction · age_up imperial |
| 32:44 | JammedGun · age_up imperial |
| 32:48 | Luffy_D_Raj · first_building Castle |
| 33:47 | mysatisfaction · wall_segment Stone Wall x26 |
| 36:33 | · first_market_sell 100 food |
| 36:57 | JammedGun · first_building Castle |
| 37:44 | Quoc Nguyen · wall_segment Stone Wall x7 |
| 37:45 | Quoc Nguyen · wall_segment Stone Wall x3 |
| 37:46 | Quoc Nguyen · wall_segment Stone Wall x1 |
| 37:46 | Quoc Nguyen · wall_segment Stone Wall x1 |
| 37:46 | Quoc Nguyen · wall_segment Stone Wall x1 |
| 37:47 | Quoc Nguyen · wall_segment Stone Wall x2 |
| 37:47 | Quoc Nguyen · wall_segment Stone Wall x2 |
| 37:47 | Quoc Nguyen · wall_segment Stone Wall x1 |
| 37:48 | Quoc Nguyen · wall_segment Stone Wall x3 |
| 37:48 | Quoc Nguyen · wall_segment Stone Wall x1 |
| 38:49 | Quoc Nguyen · wall_segment Stone Wall x1 |
| 40:19 | Quoc Nguyen · wall_segment Stone Wall x1 |
| 40:20 | Quoc Nguyen · wall_segment Stone Wall x1 |
| 40:20 | Quoc Nguyen · wall_segment Stone Wall x2 |
| 40:20 | Quoc Nguyen · wall_segment Stone Wall x1 |
| 40:20 | Quoc Nguyen · wall_segment Stone Wall x2 |
| 40:21 | Quoc Nguyen · wall_segment Stone Wall x1 |
| 41:04 | Luffy_D_Raj · first_market_sell 100 stone |
| 41:13 | JammedGun · first_building Barracks |
| 41:59 | JammedGun · first_building Stable |
| 44:00 | mysatisfaction · first_building Barracks |
| 45:31 | mysatisfaction · first_building Castle |
| 48:07 | · first_market_buy 100 stone |
| 51:54 | mysatisfaction · first_market_buy 500 food |
| 52:03 | Luffy_D_Raj · first_market_buy 100 food |
| 58:29 | Quoc Nguyen · first_building Stable |
| 60:05 | JammedGun · first_market_sell 500 wood |
| 67:42 | mysatisfaction · first_building Stable |
| 75:29 | · resign |
[ AI ANALYSIS · 1 CREDIT ]
What really happened in this match?
Wolo.gg analyzes every decision: build order, eco, micro, common mistakes by bracket. Personalized analysis on WhatsApp or Discord in 30 seconds.
Civ guide
Saracens
Map guide
Black Forest
Perfil
JammedGun